 Dungeon Crawl Stone Soup version 0.18.1-48-g4cf74bf (webtiles) character file.

4118 hannobal the Thaumaturge (level 10, 0/60 HPs)
             Began as an Octopode Ice Elementalist on June 27, 2016.
             Was a Priest of Vehumet.
             Slain by a troll (11 damage)
             ... on level 9 of the Dungeon on June 28, 2016.
             The game lasted 00:43:45 (13672 turns).

hannobal the Thaumaturge (OpIE)                    Turns: 13672, Time: 00:43:45

Health: 0/60       AC: 12    Str:  9    XL:     10   Next: 26%
Magic:  9/32       EV: 13    Int: 20    God:    Vehumet [***...]
Gold:   569        SH:  0    Dex: 12    Spells: 7 memorised, 9 levels left

rFire  + . .     SeeInvis +     a - +0 morningstar (protect)
rCold  + . .     Gourm    .     (no shield)
rNeg   + . .     Faith    .     (helmet restricted)
rPois  .         Spirit   .     (no amulet)
rElec  .         Dismiss  .     m - ring of wizardry
rCorr  .         Reflect  .     g - ring of magical power
SustAt .         Harm     .     v - ring of see invisible
MR     .....                    S - ring of protection from cold
Stlth  +++.......               H - ring of protection from fire
                                Q - ring of positive energy
                                (no ring)
                                (no ring)

@: icy armour, very slightly contaminated, slow, not resistant to hostile
enchantments, fairly stealthy
A: almost no armour, amphibious, 8 rings, constrict 8, camouflage 1, gelatinous
body 1
a: Renounce Religion


You were on level 9 of the Dungeon.
You worshipped Vehumet.
Vehumet was most pleased with you.
You were not hungry.

You visited 2 branches of the dungeon, and saw 10 of its levels.

You collected 569 gold pieces.

Inventory:

Hand Weapons
 a - a +0 morningstar of protection (weapon)
 b - a +0 hunting sling
 h - a +1 falchion of draining
 o - a +0 falchion of holy wrath
 t - the +8 quarterstaff of Fragile Peace {crush, *Confuse Str+4 SInv}
   (You found it on level 6 of the Dungeon)

   It inflicts extra damage upon your enemies.
   It affects your strength (+4).
   It lets you see invisible.
   It may confuse you when you take damage.
 w - a +1 rapier of electrocution
 A - a +0 trident
 C - a +0 shortbow
 L - a +0 scimitar
 T - a +2 quarterstaff of protection
Missiles
 c - 8 tomahawks (quivered)
 j - 39 sling bullets
 l - 234 stones
 n - 140 arrows
 r - 2 needles of sleeping
 y - 85 bolts
 K - a throwing net
Armour
 s - a +0 buckler
Jewellery
 e - an uncursed ring of fire
 g - a ring of magical power (right tentacle)
 m - a ring of wizardry (left tentacle)
 v - a ring of see invisible (on tentacle)
 E - an uncursed amulet of harm
 H - a ring of protection from fire (on tentacle)
 Q - a ring of positive energy (on tentacle)
 S - a ring of protection from cold (on tentacle)
Wands
 u - a wand of slowing (31/48)
 B - a wand of iceblast (15/15)
Scrolls
 k - 2 scrolls of amnesia
 x - 3 scrolls of magic mapping
 G - 4 scrolls of identify
 I - 2 scrolls of fear
 J - a scroll of vulnerability
 U - a scroll of enchant weapon
 W - a scroll of remove curse
Potions
 p - a potion of cure mutation {!q}
 D - a potion of curing
 F - a potion of agility
 O - 2 potions of ambrosia
 R - a potion of lignification
Books
 f - a book of Frost

   Spells                             Type                      Level
   a - Freeze                         Ice                          1
   b - Throw Frost                    Conjuration/Ice              2
   c - Ozocubu's Armour               Charms/Ice                   3
   d - Throw Icicle                   Conjuration/Ice              4
   e - Summon Ice Beast               Ice/Summoning                4
 q - a book of Clouds

   Spells                             Type                      Level
   a - Mephitic Cloud                 Conjuration/Poison/Air       3
   b - Conjure Flame                  Conjuration/Fire             3
   c - Poisonous Cloud                Conjuration/Poison/Air       6
   d - Freezing Cloud                 Conjuration/Ice/Air          6
   e - Ring of Flames                 Charms/Fire                  7
 M - a book of Spatial Translocations

   Spells                             Type                      Level
   a - Apportation                    Translocation                1
   b - Blink                          Translocation                2
   c - Shroud of Golubria             Charms/Translocation         2
   d - Portal Projectile              Translocation                3
   e - Teleport Other                 Translocation                3
   f - Passage of Golubria            Translocation                4
 P - a book of Envenomations

   Spells                             Type                      Level
   a - Spider Form                    Transmutation/Poison         3
   b - Olgreb's Toxic Radiance        Poison                       4
   c - Alistair's Intoxication        Transmutation/Poison         5
   d - Poisonous Cloud                Conjuration/Poison/Air       6
Comestibles
 d - 3 meat rations
 i - 7 bread rations
 z - a slice of pizza
 N - 6 beef jerkies


   Skills:
 - Level 2.0 Fighting
 - Level 3.3 Dodging
 - Level 3.3 Stealth
 - Level 4.3 Shields
 + Level 9.6 Spellcasting
 - Level 2.0 Conjurations
 - Level 2.3 Charms
 - Level 4.0 Summonings
 - Level 2.0 Translocations
 - Level 5.3 Ice Magic
 - Level 3.3 Air Magic
 - Level 2.1 Poison Magic


You had 9 spell levels left.
You knew the following spells:

 Your Spells              Type           Power        Failure   Level  Hunger
b - Blink                 Tloc           N/A          2%          2    None
h - Summon Ice Beast      Ice/Summ       ####....     4%          4    ##.....
i - Throw Icicle          Conj/Ice       ###.....     2%          4    ##.....
m - Mephitic Cloud        Conj/Pois/Air  ###.....     1%          3    None
o - Ozocubu's Armour      Chrm/Ice       ###.....     2%          3    None
r - Searing Ray           Conj           ###...       1%          2    None
z - Freeze                Ice            ####         1%          1    None


Dungeon Overview and Level Annotations

Branches:
Dungeon (9/15)             Temple (1/1) D:4
   Lair: D:8-11         Orc: D:9-12

Altars:
Ashenzari
Cheibriados
Dithmenos
Elyvilon
Fedhas
Gozag
Kikubaaqudgha
Makhleb
Nemelex Xobeh
Okawaru
Pakellas
Qazlal
Ru
Sif Muna
Trog
Vehumet
Xom
Yredelemnul
Zin
The Shining One
Beogh


Innate Abilities, Weirdness & Mutations

You cannot wear most types of armour.
You are amphibious.
You can wear up to eight rings at the same time.
You can use your tentacles to constrict eight enemies at once.
Your skin changes colour to match your surroundings (Stealth).
Your rubbery body absorbs attacks (AC +1).


Message History

Really fire at your ice beast? [Y]es or [N]o only, please.
Really fire at your ice beast?
The searing ray hits the troll.
The troll is almost dead.
The troll closely misses you. The troll claws you.
* * * LOW HITPOINT WARNING * * *
The troll claws you.
* * * LOW HITPOINT WARNING * * *
Casting: Searing Ray
Confirm with . or Enter, or press ? or * to list all spells.
Aiming: Freeze
Press: ? - help, Shift-Dir - straight line, f/p - troll
Aim: a troll (almost dead)
You freeze the troll.
The troll is almost dead.
Your ice beast closely misses the troll.
The troll closely misses you. The troll claws you but does no damage.
The troll claws you!
You die...

.............# #.....#
.............#
#.....#+#
.............#
#........
#####........#
#YY...... #........#
#......... #........#
#T........ ###........#
#..#####.
#..........#######..#
###..........<..@TYY..#
#.....................#
......................#
......................#
#.....................#
#.....................#
#..............)......#
#.....######..........#
......# #...........


You could see a troll and 2 friendly ice beasts.

Vanquished Creatures
  A wyvern (D:8)
  A hippogriff (D:8)
  2 steam dragons (D:8)
  Duvessa (D:4)
  An ice beast (D:5)
  A black bear (D:8)
  5 sky beasts
  3 ogres
  3 centaurs
  A big kobold (D:8)
  5 giant frogs
  4 scorpions
  2 wights (D:6)
  3 howler monkeys (D:9)
  2 crimson imps
  A giant frog zombie (D:7)
  4 orc priests
  A jelly (D:9)
  A giant frog skeleton (D:7)
  A centaur skeleton (D:4)
  4 iguanas
  Terence (D:3)
  3 worker ants
  14 orc wizards
  4 gnolls (D:4)
  12 adders
  An ooze (D:2)
  A worm (D:4)
  4 dart slugs
  7 giant geckos
  35 orcs
  6 giant cockroaches
  5 goblins
  5 hobgoblins
  12 jackals
  10 kobolds
  6 quokkas
  5 bats
  6 giant newts
  A jackal skeleton (D:8)
  A quokka skeleton (D:4)
  3 rats
189 creatures vanquished.

Vanquished Creatures (collateral kills)
  The ghost of Freeplumber the Sneak, an amateur TrAs of Okawaru (D:4)
  A hungry ghost (D:7)
  An orc warrior (D:8)
  2 ogres
  A necrophage (D:8)
  Dowan (D:4)
  2 wights (D:6)
  A quasit (D:7)
  An orc priest (D:8)
  An adder (D:5)
  A giant gecko (D:3)
  5 orcs
  A kobold (D:3)
19 creatures vanquished.

Vanquished Creatures (others)
  A fungus (D:8)
1 creature vanquished.

Grand Total: 209 creatures vanquished

Notes
Turn   | Place    | Note
--------------------------------------------------------------
     0 | D:1      | hannobal the Octopode Ice Elementalist began the quest for the Orb.
     0 | D:1      | Reached XP level 1. HP: 11/11 MP: 3/3
   264 | D:1      | Gained mutation: You are weak. (Str -2) [potion of mutation]
   264 | D:1      | Gained mutation: You are partially covered in yellow scales (AC +2). [potion of mutation]
   264 | D:1      | Gained mutation: Your spells are a little harder to cast, but a little more powerful. [potion of mutation]
   297 | D:1      | Reached XP level 2. HP: 17/17 MP: 1/5
  1139 | D:1      | Reached XP level 3. HP: 15/21 MP: 0/6
  1153 | D:1      | Learned a level 3 spell: Ozocubu's Armour
  1813 | D:2      | Reached skill level 1 in Charms
  1965 | D:2      | Reached XP level 4. HP: 25/27 MP: 5/7
  2088 | D:2      | Lost mutation: Your spells are a little harder to cast, but a little more powerful. [potion of cure mutation]
  2088 | D:2      | Lost mutation: You are weak. (Str -2) [potion of cure mutation]
  2088 | D:2      | Lost mutation: You are partially covered in yellow scales (AC +2). [potion of cure mutation]
  3009 | D:3      | Reached skill level 5 in Ice Magic
  3021 | D:3      | Reached XP level 5. HP: 20/31 MP: 8/8
  3130 | D:3      | Learned a level 4 spell: Summon Ice Beast
  3243 | D:3      | Found a roughly hewn altar of Beogh.
  3250 | D:3      | Reached skill level 1 in Summonings
  3826 | D:3      | Found a shattered altar of Ashenzari.
  4037 | D:3      | Noticed Terence
  4049 | D:3      | Killed Terence
  4049 | D:3      | Reached XP level 6. HP: 36/36 MP: 1/9
  4145 | D:3      | Found a snail-covered altar of Cheibriados.
  4147 | D:3      | Found an opulent altar of Gozag.
  4149 | D:3      | Found an iron altar of Okawaru.
  4149 | D:3      | Found a stormy altar of Qazlal.
  4149 | D:3      | Found an ancient bone altar of Kikubaaqudgha.
  4150 | D:3      | Found a sacrificial altar of Ru.
  4150 | D:3      | Found a blossoming altar of Fedhas.
  4153 | D:3      | Found a sparkling altar of Nemelex Xobeh.
  4679 | D:4      | Found a shimmering altar of Xom.
  5426 | D:4      | Noticed Dowan
  5429 | D:4      | Noticed Duvessa
  5564 | D:4      | Killed Dowan
  5745 | D:4      | Found a staircase to the Ecumenical Temple.
  5754 | Temple   | Entered the Ecumenical Temple
  5796 | Temple   | Became a worshipper of Vehumet
  5966 | D:4      | Found a burning altar of Makhleb.
  5966 | D:4      | Noticed a cacodemon
  6133 | D:4      | Noticed Freeplumber's ghost (amateur TrAs)
  6143 | D:4      | Reached skill level 3 in Spellcasting
  6143 | D:4      | Reached XP level 7. HP: 41/41 MP: 6/11
  6297 | D:4      | Killed Freeplumber's ghost
  6508 | D:4      | Killed Duvessa
  6508 | D:4      | Reached skill level 4 in Spellcasting
  6705 | D:5      | Entered Level 5 of the Dungeon
  7084 | D:4      | Learned a level 4 spell: Throw Icicle
  7088 | D:4      | Learned a level 3 spell: Mephitic Cloud
  7137 | D:5      | Reached skill level 5 in Spellcasting
  7467 | D:5      | Reached skill level 1 in Air Magic
  7745 | D:5      | Reached skill level 1 in Poison Magic
  7745 | D:5      | Reached XP level 8. HP: 46/46 MP: 15/15
  7972 | D:5      | Noticed an angel
  7973 | D:5      | Found a glowing silver altar of Zin.
  8644 | D:6      | Found a snail-covered altar of Cheibriados.
  8648 | D:6      | Reached * piety under Vehumet
  8648 | D:6      | Offered knowledge of Flame Tongue by Vehumet.
  8784 | D:6      | Found a radiant altar of Vehumet.
  8861 | D:6      | Reached skill level 6 in Spellcasting
  9077 | D:6      | Reached skill level 7 in Spellcasting
  9085 | D:6      | Got an iridescent quarterstaff
  9086 | D:6      | Identified the +8 quarterstaff of Fragile Peace {crush, *Confuse Str+4 SInv} (You found it on level 6 of the Dungeon)
  9784 | D:7      | Offered knowledge of Shock by Vehumet.
  9784 | D:7      | Reached XP level 9. HP: 49/54 MP: 20/20
  9961 | D:7      | Reached ** piety under Vehumet
  9987 | D:7      | Reached skill level 8 in Spellcasting
  9991 | D:7      | Learned a level 2 spell: Blink
 10220 | D:7      | Reached skill level 1 in Translocations
 10824 | D:8      | Found a shimmering altar of Xom.
 10895 | D:8      | Reached skill level 9 in Spellcasting
 11010 | D:8      | Reached skill level 1 in Shields
 12377 | D:8      | Offered knowledge of Searing Ray by Vehumet.
 12377 | D:8      | Reached XP level 10. HP: 44/60 MP: 23/23
 12405 | D:8      | Learned a level 2 spell: Searing Ray
 12861 | D:9      | Reached *** piety under Vehumet
 13182 | D:9      | Offered knowledge of Inner Flame by Vehumet.
 13672 | D:9      | Slain by a troll

Skill      XL: |  1  2  3  4  5  6  7  8  9 10 |
---------------+-------------------------------+-----
Stealth        | 3 |  3.3
Ice Magic      | 4 5 |  5.3
Charms         | 1 2 |  2.3
Summonings     | 2 4 |  4.0
Spellcasting   | 3 5 7 9 |  9.6
Air Magic      | 1 3 |  3.3
Poison Magic   | 1 2 |  2.1
Fighting       | 2 |  2.0
Dodging        | 3 |  3.3
Translocations | 2 |  2.0
Shields        | 4 |  4.3
Conjurations   | 2 |  2.0

Action                   |  1- 3 |  4- 6 |  7- 9 | 10-12 || total
-------------------------+-------+-------+-------+-------++-------
Melee: Club              |     1 |       |       |       ||     1
       Morningstar       |       |     5 |    17 |       ||    22
       Tentacles         |       |     1 |     4 |       ||     5
       Rapier            |       |       |    12 |       ||    12
       Constrict         |       |       |     6 |       ||     6
 Fire: Hunting sling     |     5 |    30 |       |       ||    35
Throw: Tomahawk          |     2 |     3 |     4 |       ||     9
 Cast: Freeze            |    43 |   113 |   218 |    78 ||   452
       Ozocubu's Armour  |     5 |    15 |    36 |     7 ||    63
       Summon Ice Beast  |       |    13 |    28 |     2 ||    43
       Mephitic Cloud    |       |       |     1 |       ||     1
       Throw Icicle      |       |       |     1 |       ||     1
       Blink             |       |       |     4 |     5 ||     9
       Searing Ray       |       |       |       |     2 ||     2
Evoke: Wand              |       |     3 |       |       ||     3
  Use: Potion            |     4 |     3 |     4 |     2 ||    13
       Scroll            |     3 |     2 |     9 |     1 ||    15
 Stab: Sleeping          |       |     1 |       |       ||     1
       Distracted        |       |       |     2 |       ||     2
  Eat: Chunk             |     4 |    12 |    16 |     4 ||    36
       Beef jerky        |       |     2 |     1 |       ||     3
       Bread ration      |       |     1 |     1 |       ||     2
       Pizza             |       |     1 |     1 |       ||     2
Armor: Skin              |    11 |    19 |   124 |    37 ||   191
Dodge: Dodged            |    19 |    52 |   140 |    80 ||   291
